 Dungeon Crawl Stone Soup version 0.30-a0-1157-g2cc9ac7196 (webtiles) character file.

Game seed: 847029897245152016

189 meatpath the Trooper (level 5, -1/63 HPs)
             Began as a Demonspawn Berserker on Apr 25, 2023.
             Was a Believer of Trog.
             Slain by Eustachio
             ... wielding a +2 rapier of electrocution
              (4 damage)
             ... on level 3 of the Dungeon.
             The game lasted 00:05:52 (2719 turns).

meatpath the Trooper (Demonspawn Berserker)         Turns: 2719, Time: 00:05:55

Health: -1/63      AC: 11    Str: 19    XL:     5   Next: 40%
Magic:  5/5        EV:  9    Int:  9    God:    Trog [**....]
Gold:   186        SH:  6    Dex: 12    Spells: 4/4 levels left

rFire   . . .        h - +2 mace (drain)
rCold   . . .        n - +0 kite shield
rNeg    . . .        i - +0 ring mail
rPois   .            l - +1 helmet
rElec   .            b - +1 cloak {rCorr}
rCorr   +            (no gloves)
SInv    .            e - +0 pair of boots
Will    .....        (no amulet) Stlth
                     (no ring)
HPRegen 0.30/turn    (no ring)
MPRegen 0.09/turn

%: no passive effects
@: berserking (expiring), very quick
A: claws 2, demonic magic 1
a: Renounce Religion, Berserk, Trog's Hand


You were on level 3 of the Dungeon.
You worshipped Trog.
Trog was pleased with you.
You visited 1 branch of the dungeon, and saw 4 of its levels.

You collected 186 gold pieces.

Inventory:

Hand Weapons
 h - a +2 mace of draining (weapon)
Armour
 b - a +1 cloak of preservation (worn)
 e - a +0 pair of boots (worn)
 i - a +0 ring mail (worn)
 l - a +1 helmet (worn)
 n - a +0 kite shield (worn)
Scrolls
 a - a scroll of enchant armour {unknown}
 d - a scroll of noise {unknown}
 j - a scroll of teleportation
 k - a scroll of blinking {unknown}
 m - a scroll of amnesia {unknown}
Potions
 c - 2 potions of cancellation {unknown}
 f - 2 potions of haste {unknown}


   Skills:
 + Level 4.2 Fighting
 + Level 3.9 Maces & Flails
 + Level 3.3 Armour
 - Level 1.7 Dodging


You had 4 spell levels left.
You didn't know any spells.
Your spell library was empty.

Dungeon Overview and Level Annotations

Branches:
Dungeon (4/15)
 Temple: D:4-7

Altars:

Shops:
D:1 (*

Annotations:
D:3 Eustachio


Innate Abilities, Weirdness & Mutations

You have very sharp fingernails.
Spells you cast may paralyse adjacent enemies.


Message History

You sock the ogre!
You kill the ogre!
Trog accepts your kill.
Eustachio hits you with a +2 rapier of electrocution.
You are electrocuted!
Your life force feels restored.
Your Fighting skill increases to level 4!
Your Armour skill increases to level 3!
You have reached level 5!
Your demonic ancestry asserts itself...
Your fingernails sharpen.
You barely miss Eustachio.
Eustachio mumbles some strange words.
You sock Eustachio!
Eustachio is moderately wounded.
Eustachio mumbles some strange words.
You closely miss Eustachio.
Eustachio is moderately wounded.
Eustachio hits you but does no damage.
You are electrocuted!!
* * * LOW HITPOINT WARNING * * *
You block the quokka's attack. The quokka closely misses you.
You sock Eustachio!
Eustachio is heavily wounded.
The crimson imp hits you but does no damage.
You block the quokka's attack.
The quokka bites you but does no damage.
You block Eustachio's attack.
You sock Eustachio!
Eustachio is almost dead.
You block the crimson imp's attack. The quokka bites you.
* * * LOW HITPOINT WARNING * * *
The quokka bites you but does no damage.
Eustachio hits you but does no damage.
You miss Eustachio.
Eustachio is almost dead.
You block the quokka's attack.
The crimson imp hits you but does no damage.
The quokka bites you but does no damage.
Eustachio hits you with a +2 rapier of electrocution.
You die...

........#.#.#.....##[#.#.#..#....
........#.#.#.................#.#
..................##.#.#....#.#.#
.....#....#.#........#....#.#....
.....#....#.#.............#......
.....#............##.....##.#####
................5.#.....##..#
.........(.....@rr.....##...#
...............5@)...(##....#
.#..##....#.#........##.....#
.#..##....#.#.#...####....#.#####
.#..##..............#...........#
.#..##....#.#.#..####....##<###.#
..........#.#.#..###...#.##.###.#
....##....#.#.#....)..........)..
....##...........###..##.######..
.................................


You could see Eustachio, 2 crimson imps and 2 quokkas.

Vanquished Creatures
  An ogre (D:3)
  Robin (D:2)
  2 adders
  2 worms (D:2)
  2 orcs (D:3)
  5 ball pythons
  3 endoplasms (D:2)
  3 giant cockroaches
  16 goblins
  6 hobgoblins
  2 jackals (D:2)
  3 quokkas
  7 bats
  5 frilled lizards
  A kobold (D:2)
  8 rats
67 creatures vanquished.

Notes
Turn   | Place    | Note
-------+----------+-------------------------------------------
     0 | D:1      | meatpath the Demonspawn Berserker began the quest for the
                  | Orb.
     0 | D:1      | Reached XP level 1. HP: 18/18 MP: 1/1
    88 | D:1      | Found Voupoxew's Assorted Antiques.
   315 | D:1      | Found a faded altar of an unknown god.
   514 | D:1      | Found Vegyli's Antique Weapon Boutique.
   547 | D:1      | Gained mutation: You have sharp fingernails. [demonic
                  | ancestry]
   547 | D:1      | Reached XP level 2. HP: 19/24 MP: 2/2
  1143 | D:2      | Gained mutation: Spells you cast may paralyse adjacent
                  | enemies. [demonic ancestry]
  1143 | D:2      | Reached XP level 3. HP: 26/29 MP: 3/3
  1214 | D:2      | Noticed Robin
  1225 | D:2      | Killed Robin
  1236 | D:2      | Reached ** piety under Trog
  1569 | D:2      | Reached XP level 4. HP: 35/37 MP: 4/4
  2696 | D:4      | Noticed an ogre
  2697 | D:4      | Noticed Eustachio
  2713 | D:3      | Killed an ogre
  2714 | D:3      | Reached skill level 4 in Fighting
  2714 | D:3      | Gained mutation: You have very sharp fingernails. [demonic
                  | ancestry]
  2714 | D:3      | Reached XP level 5. HP: 23/42 MP: 5/5
  2718 | D:3      | HP: 3/63 [quokka[Eustachio] (2)]
  2719 | D:3      | Slain by Eustachio

Illustrated notes

Levels and vault maps discovered:
D:1:      eino_arrival_druids_welcome, layout_loops_cross, serial_shops,
          nicolae_shop_rolling_square, nicolae_shop_trees,
          dreamdust_ecumenical_altar_hidden_monk_grotto, minivault_24
D:2:      layout_loops_ring, minmay_cut_off, uniq_robin
D:3:      layout_basic, nrook_mini_backslash
D:4:      layout_basic, hangedman_abyss_or_decor_lesser_grid, uniq_ijyb,
          uniq_sigmund, uniq_eustachio, uniq_duvessa, uniq_natasha,
          uniq_crazy_yiuf_cottage

Skill      XL: |  1  2  3  4 |
---------------+-------------+-----
Armour         | 2 3 |  3.3
Maces & Flails | 3 |  3.9
Fighting       | 4 |  4.2
Dodging        | |  1.7

Action                     |  1- 3 |  4- 6 || total
---------------------------+-------+-------++-------
  Melee: Mace              |   109 |    84 ||   193
 Invoke: Berserk           |     1 |     1 ||     2
    Use: Scroll            |       |     1 ||     1
 Armour: Animal skin       |    12 |       ||    12
         Ring mail         |    42 |    34 ||    76
  Dodge: Dodged            |    76 |    51 ||   127
  Block: Buckler           |     5 |    10 ||    15
         Kite shield       |       |     9 ||     9

Table legend: (Time is in decaauts)
 A = Elapsed time spent in this place.
 B = Non-inter-level travel time spent in this place.
 C = Inter-level travel time spent in this place.
 D = Time resting spent in this place.
 E = Time spent auto-exploring this place.
 F = Levels seen in this place.
 G = Mean time per level.
                   A        B        C        D        E       F      G
               +--------+--------+--------+--------+--------+-----+--------+
         Total |   2774 |   2600 |    174 |    144 |   1838 |   4 |  693.5 |
       Dungeon |   2774 |   2600 |    174 |    144 |   1838 |   4 |  693.5 |
               +--------+--------+--------+--------+--------+-----+--------+

Top non-repeatable levels by time:
     D:2: 964 daAuts
     D:1: 936 daAuts
     D:3: 867 daAuts
     D:4: 6 daAuts
